 Dungeon Crawl Stone Soup version 0.26-a0-708-g17f3b190f9 (webtiles) character file.

Game seed: 220759086383792125

171425 miscthings the Transmogrifier (level 16, -3/71 HPs)
             Began as a Felid Ice Elementalist on Oct 29, 2020.
             Was an Elder of Sif Muna.
             Killed from afar by a deep elf death mage (39 damage)
             ... with a bolt of negative energy
             ... on level 3 of the Elven Halls.
             The game lasted 02:59:10 (43779 turns).

miscthings the Transmogrifier (FeIE)               Turns: 43779, Time: 02:59:11

Health: -3/71      AC:  7    Str:  6    XL:     16   Next: 82%
Magic:  3/34       EV: 29    Int: 27    God:    Sif Muna [****..]
Gold:   1365       SH:  5    Dex: 23    Spells: 2/41 levels left
                                        Lives:  0   Deaths: 5

rFire    + . .     SeeInvis +     - Unarmed
rCold    + . .     Faith    .   (shield unavailable)
rNeg     . . .     Spirit   .   (armour unavailable)
rPois    +         Reflect  +   (helmet unavailable)
rElec    .         Harm     .   (cloak unavailable)
rCorr    .         Rampage  .   (gloves unavailable)
MR       ++...     Rnd*Rage +   (boots unavailable)
Stlth    +++++++...             W - amulet of Mira {Reflect rPois Str+4 Dex+5 SH+5}
HPRegen  0.21/turn              L - ring "Pihesura" {rF+ Str-3 Int+4 Dex+2}
MPRegen  0.24/turn              Z - +4 ring of slaying

@: drained, quick
A: very small, no armour, no weapons or thrown items, stealth, claws 1, fangs 3,
icy blue scales 1, slimy green scales 1, camouflage 1, see invisible, berserk 1,
clever 1, clumsy 1, speed 1, shaggy fur 3, wild magic 1, sharp paws
}: 2/15 runes: decaying, serpentine
a: Channel Magic, Forget Spell, Divine Exegesis, Renounce Religion


You were on level 3 of the Elven Halls.
You worshipped Sif Muna.
Sif Muna was greatly pleased with you.
You visited 7 branches of the dungeon, and saw 35 of its levels.
You visited the Abyss 1 time.
You visited 1 bazaar.
You also visited: Sewer, Bailey and Ice Cave.

You collected 4275 gold pieces.
You spent 2910 gold pieces at shops.

Inventory:

Jewellery
 x - the ring of Beogh's Indignation {rCorr Stlth+}
   (You acquired it on level 15 of the Dungeon)

   [ring of resist corrosion]

   It provides partial protection from all sources of acid and corrosion.
   It makes you more stealthy.
 J - an uncursed ring of ice
 L - the ring "Pihesura" (left paw) {rF+ Str-3 Int+4 Dex+2}
   (You took it off a yaktaur on level 12 of the Dungeon)

   [ring of protection from fire]

   It affects your strength (-3).
   It affects your intelligence (+4).
   It affects your dexterity (+2).
   It protects you from fire.
 Q - the amulet "Fewuf" {Reflect *Contam rF- rN+++ Dex+3 SH+5}
   (You acquired it on level 14 of the Dungeon)

   [amulet of reflection]

   It shields you and reflects attacks.
   It affects your dexterity (+3).
   It makes you vulnerable to fire.
   It renders you almost immune to negative energy.
   It causes magical contamination when unequipped.
   It affects your SH (+5).
 S - an uncursed amulet of magic regeneration
 U - an uncursed amulet of regeneration
 W - the amulet of Mira (around neck) {Reflect rPois Str+4 Dex+5 SH+5}
   (You acquired it on level 3 of the Elven Halls)

   [amulet of reflection]

   It shields you and reflects attacks.
   It affects your strength (+4).
   It affects your dexterity (+5).
   It protects you from poison.
   It affects your SH (+5).
 X - an uncursed ring of magical power
 Z - a +4 ring of slaying (right paw)
Wands
 n - a wand of paralysis (18)
 r - a wand of acid (10)
 t - a wand of random effects (28)
 v - a wand of flame (68)
 w - a wand of polymorph (15)
 B - a wand of enslavement (18)
 D - a wand of iceblast (9)
 R - a wand of digging (21)
 Y - a wand of disintegration (10)
Scrolls
 c - 7 scrolls of immolation
 e - 7 scrolls of amnesia
 i - 15 scrolls of magic mapping
 j - 9 scrolls of fog
 l - 21 scrolls of remove curse
 o - 2 scrolls of blinking
 p - 3 scrolls of teleportation
 z - 5 scrolls of fear
 A - 3 scrolls of silence
 C - 3 scrolls of torment
 H - 6 scrolls of summoning
 I - 3 scrolls of holy word
 K - 4 scrolls of vulnerability
 T - 14 scrolls of identify {@r1}
Potions
 a - 4 potions of cancellation
 b - 2 potions of brilliance
 d - 12 potions of stabbing
 f - 9 potions of haste
 g - 12 potions of might
 h - 7 potions of mutation
 k - 4 potions of magic
 m - 11 potions of curing
 q - a potion of resistance
 u - 2 potions of lignification
 E - 5 potions of flight
 N - 5 potions of heal wounds
 O - a potion of berserk rage
 P - 5 potions of invisibility
Miscellaneous
 s - a phial of floods
 y - a phantom mirror
 F - a tin of tremorstones (3/3)
 G - a lightning rod (4/4)
 M - a condenser vane (2/2)
 V - a box of beasts (2/3)


   Skills:
 - Level 8.9(7.8) Fighting
 - Level 11.8(10.6) Dodging
 - Level 12.5(11.4) Stealth
 - Level 5.9(5.0) Unarmed Combat
 - Level 13.0(11.8) Spellcasting
 - Level 7.0(6.0) Hexes
 + Level 13.3(12.1) Summonings
 - Level 8.0(6.9) Translocations
 - Level 14.0(12.8) Transmutations
 - Level 10.5(9.4) Ice Magic
 - Level 9.0(7.9) Earth Magic
 - Level 9.0(7.9) Invocations
 - Level 7.1(6.1) Evocations


You had 2 spell levels left.
You knew the following spells:

 Your Spells              Type           Power        Failure   Level
a - Frozen Ramparts       Ice            ######       1%          3
b - Freeze                Ice            ####         1%          1
c - Summon Ice Beast      Ice/Summ       #######.     1%          4
d - Summon Mana Viper     Hex/Summ       ######..     4%          5
e - Malign Gateway        Summ/Tloc      ######....   61%         7
f - Ensorcelled Hibernat  Hex/Ice        ######       1%          2
g - Lee's Rapid Deconstr  Erth           ######....   6%          5
h - Shadow Creatures      Summ           N/A          6%          6
z - Statue Form           Tmut/Erth      #######..    12%         6

Your spell library contained the following spells:

 Spells                   Type           Power        Failure   Level
 Apportation              Tloc           ######       1%          1
 Beastly Appendage        Tmut           ######       1%          1
 Corona                   Hex            ######.      1%          1
 Sting                    Tmut/Pois      ####         1%          1
 Summon Small Mammal      Summ           ####         1%          1
 Blink                    Tloc           N/A          1%          2
 Wereblood                Tmut           #######.     1%          2
 Animate Skeleton         Necr           ###...       6%          1
 Foxfire                  Conj/Fire      ###.         6%          1
 Pain                     Necr           ###.         6%          1
 Shock                    Conj/Air       ###.         6%          1
 Corpse Rot               Necr/Air       N/A          9%          2
 Poisonous Vapours        Pois/Air       ###...       9%          2
 Searing Ray              Conj           ###...       9%          2
 Sublimation of Blood     Necr           ###.......   9%          2
 Confusing Touch          Hex            ######..     1%          3
 Gell's Gravitas          Tloc           ######....   1%          3
 Lesser Beckoning         Tloc           ######....   1%          3
 Ozocubu's Armour         Ice            ######..     1%          3
 Spider Form              Tmut/Pois      ######....   1%          3
 Summon Guardian Golem    Hex/Summ       ######..     1%          3
 Teleport Other           Tloc           ######..     1%          3
 Tukima's Dance           Hex            ######..     1%          3
 Ice Form                 Ice/Tmut       #######.     1%          4
 Petrify                  Tmut/Erth      #######.     1%          4
 Blade Hands              Tmut           #######...   1%          5
 Summon Demon             Summ           #######...   1%          5
 Ignite Poison            Fire/Tmut/Pois ######..     3%          3
 Leda's Liquefaction      Hex/Erth       ######....   3%          4
 Passage of Golubria      Tloc           N/A          3%          4
 Summon Forest            Summ/Tloc      ######....   3%          5
 Yara's Violent Unravell  Hex/Tmut       ######....   3%          5
 Dazzling Flash           Conj/Hex       #####.       5%          3
 Inner Flame              Hex/Fire       #####...     5%          3
 Cause Fear               Hex            ######....   5%          4
 Metabolic Englaciation   Hex/Ice        ######....   7%          5
 Hailstorm                Conj/Ice       ######..     8%          4
 Alistair's Intoxication  Tmut/Pois      ######...    11%         5
 Irradiate                Conj/Tmut      ######....   11%         5
 Iskenderun's Mystic Bla  Conj/Tloc      #####...     13%         4
 Conjure Flame            Conj/Fire      ###.....     16%         3
 Mephitic Cloud           Conj/Pois/Air  ###.....     16%         3
 Static Discharge         Conj/Air       ###.....     16%         3
 Vampiric Draining        Necr           ###.......   16%         3
 Ozocubu's Refrigeration  Ice            ######....   16%         6
 Dragon Form              Tmut           #######...   22%         7
 Borgnjor's Vile Clutch   Necr/Erth      #####.....   26%         5
 Monstrous Menagerie      Summ           #######...   28%         7
 Summon Hydra             Summ           #######...   28%         7
 Silence                  Hex/Air        #####.....   36%         5
 Dispersal                Tloc           ######....   38%         6
 Bolt of Magma            Conj/Fire/Erth #####.....   41%         5
 Airstrike                Air            ###.......   43%         4
 Animate Dead             Necr           ###.......   43%         4
 Olgreb's Toxic Radiance  Pois           ###.....     43%         4
 Sticky Flame             Conj/Fire      ###.....     43%         4
 Eringya's Noxious Bog    Tmut/Pois      ######....   45%         6
 Invisibility             Hex            ######..     52%         6
 Simulacrum               Ice/Necr       ######....   69%         6
 Agony                    Necr           ###.....     77%         5
 Fireball                 Conj/Fire      ###.......   77%         5
 Iron Shot                Conj/Erth      #####.....   78%         6
 Freezing Cloud           Conj/Ice/Air   #####.....   88%         6
 Spellforged Servitor     Conj/Summ      ######....   96%         7
 Orb of Destruction       Conj           ###.......   100%        7
 Chain Lightning          Conj/Air       ###.......   100%        8
 Disjunction              Tloc           ######....   100%        8
 Lehudib's Crystal Spear  Conj/Erth      #####.....   100%        8
 Necromutation            Tmut/Necr      ######....   100%        8
 Absolute Zero            Ice            ######....   100%        9
 Dragon's Call            Summ           #######...   100%        9
 Shatter                  Erth           ######....   100%        9
 Tornado                  Air            ###.......   100%        9


Dungeon Overview and Level Annotations

Branches:
Dungeon (15/15)            Temple (0/1) D:7            Lair (6/6) D:8
  Swamp (4/4) Lair:4        Snake (4/4) Lair:2        Slime (0/5) Lair:5
    Orc (2/2) D:11            Elf (3/3) Orc:2        Vaults (1/5) D:14
 Depths (0/5) D:15          Sewer (visited)          Bailey (visited)
  IceCv (visited)

Altars:
Cheibriados
Dithmenos
Hepliaklqana
Kikubaaqudgha
Makhleb
Qazlal
Ru
Sif Muna
Trog
Uskayaw
Vehumet
Yredelemnul
Zin
Jiyva

Shops:
D:6 }   D:11 *   D:12 *[*   Orc:1 [   Orc:2 *:!!}[   Elf:1 [

Portals:
Trove: Elf:3 (give 12 potions of heal wounds)

Annotations:
D:7 exclusion: ice statue
Lair:3 Charmandara's ghost, journeyman DsFE


Innate Abilities, Weirdness & Mutations

You cannot wear armour.
You are incapable of wielding weapons or throwing items.
Your paws allow you to move quietly. (Stealth)
You have sharp claws.
You have razor-sharp teeth.
You have supernaturally acute eyesight. (SInv)
You cover ground quickly.
Your thick and shaggy fur keeps you warm. (AC +3, rC+)
Your sharp claws are effective at attacking unaware monsters.
You are partially covered in icy blue scales. (AC +2)
You are partially covered in slimy green scales. (AC +2)
Your skin changes colour to match your surroundings (Stealth+).
You tend to lose your temper in combat.
Your mind is acute. (Int +2)
You are clumsy. (Dex -2)
Your spells are a little harder to cast, but a little more powerful.


Message History

The deep elf death mage points at you and mumbles some strange words.
The bolt of negative energy hits you. You partially resist.
You feel drained.
The deep elf annihilator hits your mana viper with a +2 long sword of holy wrath!
Your mana viper completely misses the deep elf annihilator.
Your ice beast hits the deep elf annihilator.
Your ice beast freezes the deep elf annihilator!
The lost soul assumes the form of the deep elf annihilator and becomes anchored to this world!
The deep elf death mage barely misses your mana viper.
You revert to your normal fleshy form.
Your mana viper bites the ghostly deep elf annihilator!
The ghostly deep elf annihilator's magic leaks into the air.
The ghostly deep elf annihilator hits your mana viper with a +2 long sword of holy wrath!
Your mana viper bites the ghostly deep elf annihilator.
The ghostly deep elf annihilator's magic leaks into the air.
Your ice beast hits the ghostly deep elf annihilator.
Your ice beast freezes the ghostly deep elf annihilator!
The deep elf death mage casts a spell at you.
The bolt of negative energy hits you!!!
You feel drained.
Ouch! That really hurt!
You die...

#..).(........#}.##
##...(().......##).###
#......)..).....##.(|##
..).)).###.......#.})|##
......## ##......#.}.[.#
.....## ##.....#.....#
...).# #.....#.##'## .....##
##.....###...## ......##
##.....@##.....##
.......###.......'...(...#
#...)..)........##ยงยง.....#
##.............###.......#
#.............# ##)SY..##
#.............# ##ee.##
###.........### #*###
########### .e# ...


You could see a ghostly deep elf annihilator (empowered), a deep elf death mage
(empowered), a lost soul (summoned), a friendly mana viper (summoned) and a
friendly ice beast (summoned).

Vanquished Creatures
  A deep elf blademaster (Elf:3)
  Kirke (Swamp:1)
  A thorn hunter (Swamp:1)
  5 nagarajas (Snake:4)
  An azure jelly (Lair:5)
  A deep elf sorcerer (Elf:3)
  A very ugly thing (IceCv)
  6 deep elf demonologists
  2 deep elf annihilators (Elf:3)
  2 deep elf death magi (Elf:3)
  A fire dragon (shapeshifter) (Elf:3)
  2 fire dragons (Swamp:4)
  A deep elf high priest (Elf:3)
  2 ghost crabs
  Fannar (Lair:1)
  4 hydras
  A boulder beetle (D:12)
  13 naga warriors
  A catoblepas (Lair:6)
  12 dancing weapons
  2 two-headed ogres (D:12)
  8 alligators
  7 death yaks
  An orc high priest (Orc:2)
  5 naga sharpshooters
  A shock serpent (Snake:4)
  8 deep elf knights
  A fire crab (Swamp:4)
  A salamander mystic (Snake:3)
  2 unseen horrors
  2 spriggan druids (Swamp:4)
  A naga ritualist (Snake:4)
  4 swamp dragons
  A wizard (D:14)
  5 deep elf archers
  2 mana vipers (Snake:2)
  A lindwurm (Lair:6)
  6 orc knights
  6 ugly things
  18 deep elf magi
  An orc sorcerer (Orc:2)
  3 salamanders
  3 naga magi
  4 guardian serpents
  6 black mambas
  4 elephants
  A gargoyle (D:12)
  2 ice statues (IceCv)
  A torpor snail (Lair:4)
  4 komodo dragons
  7 cane toads
  A tengu conjurer (D:15)
  A yaktaur (D:12)
  A silent spectre (Abyss:3)
  A polar bear (Lair:1)
  6 nameless horrors
  5 trolls
  8 blink frogs
  A meliai (D:15)
  2 tyrant leeches
  A bog body (Swamp:2)
  3 slime creatures
  3 dream sheep
  An air elemental (Elf:1)
  A water elemental (Elf:2)
  25 yaks
  A vampire (D:12)
  5 humans (D:14)
  A wyvern (D:10)
  A basilisk (Lair:2)
  9 vampire mosquitoes
  2 steam dragons
  An insubstantial wisp (Swamp:1)
  17 nagas
  3 swamp worms
  2 wargs
  2 hydra simulacra (IceCv)
  10 water moccasins
  A small abomination (Abyss:3)
  2 swamp drakes
  25 orc warriors
  8 ogres
  2 black bears
  4 eyes of draining (D:12)
  4 centaurs
  7 wolves (Lair:6)
  A big kobold (D:12)
  An earth elemental (Elf:1)
  13 bullfrogs
  A water moccasin zombie (D:8)
  3 scorpions
  Dowan (D:5)
  A wight (D:14)
  5 howler monkeys
  3 electric eels
  2 bullfrog zombies
  A human zombie (D:14)
  3 jellies
  2 quasits
  11 orc priests
  4 hounds
  13 orc wizards
  6 iguanas
  12 worker ants
  A howler monkey zombie (D:7)
  19 adders
  6 river rats (Sewer)
  2 shadow imps
  An ufetubus (D:9)
  An ooze (Sewer)
  An adder skeleton (D:8)
  4 worms
  2 dart slugs
  5 leopard geckos
  96 orcs
  3 bats
  6 giant cockroaches
  7 goblins
  2 hobgoblins
  7 jackals
  8 kobolds
  2 quokkas
  16 ball pythons
  5 frilled lizards
  A quokka skeleton (D:7)
  31 rats
653 creatures vanquished.

Vanquished Creatures (collateral kills)
  A deep elf master archer (Elf:3)
  Roxanne (D:15)
  7 nagarajas (Snake:4)
  2 thorn hunters (Swamp:3)
  An azure jelly (Lair:5)
  4 deep elf sorcerers
  2 deep elf elementalists (Elf:3)
  A deep elf demonologist (Elf:3)
  A minotaur (Lair:3)
  6 deep elf annihilators (Elf:3)
  Snorg (Lair:3)
  2 deep elf death magi (Elf:3)
  A fire dragon (Swamp:4)
  3 deep elf high priests (Elf:3)
  A rakshasa (D:12)
  17 naga warriors
  Erolcha (D:9)
  A hydra (shapeshifter) (D:15)
  A vault guard (D:14)
  21 hydras
  A catoblepas (Lair:6)
  A death knight (D:13)
  4 centaur warriors
  2 ghost crabs
  10 alligators
  An anaconda (shapeshifter) (D:15)
  2 two-headed ogres
  Erica (Orc:1)
  5 dancing weapons
  A deep troll shaman (Lair:6)
  3 death yaks
  5 orc high priests
  A tengu warrior (D:12)
  6 naga sharpshooters
  A fire crab (Swamp:4)
  A wretched star (Abyss:3)
  6 deep elf knights
  A salamander mystic (Snake:3)
  A skeletal warrior (D:13)
  A glowing orange brain (D:15)
  6 swamp dragons
  3 wizards
  2 necromancers (D:14)
  5 naga ritualists (Snake:4)
  8 deep elf archers
  15 deep elf magi
  7 orc knights
  A shining eye (shapeshifter) (D:15)
  6 orc sorcerers
  2 mana vipers (Snake:4)
  A shining eye (Orc:2)
  An oklob plant (Lair:6)
  5 cyclopes
  A manticore (D:14)
  9 ugly things
  11 salamanders
  12 elephants
  A smoke demon (Abyss:3)
  12 naga magi
  12 black mambas
  3 guardian serpents
  2 gargoyles (D:15)
  A komodo dragon (shapeshifter) (D:14)
  An efreet (D:12)
  3 rime drakes
  6 cane toads
  5 komodo dragons
  3 nameless horrors
  3 freezing wraiths
  An ancient zyme (Abyss:3)
  6 trolls
  14 tyrant leeches
  3 polar bears
  2 meliai (D:15)
  4 hornets
  9 blink frogs
  8 bog bodies
  5 slime creatures
  11 dream sheep (Lair:6)
  A meliai zombie (D:11)
  3 shadows
  2 vampires
  A spriggan (Swamp:2)
  32 yaks
  3 wraiths
  A wyvern (Lair:5)
  2 dire elephant simulacra (IceCv)
  A yak (shapeshifter) (Elf:3)
  13 humans (D:14)
  3 basilisks
  A fire elemental (Elf:3)
  A hog (Swamp:1)
  14 vampire mosquitoes
  A steam dragon (Swamp:4)
  59 nagas
  A harpy simulacrum (IceCv)
  3 wargs
  24 swamp worms
  2 soldier ants
  7 insubstantial wisps
  4 water moccasins
  Duvessa (D:5)
  13 swamp drakes
  25 orc warriors
  An ettin simulacrum (Abyss:3)
  8 ice beasts
  3 sky beasts
  2 black bears
  3 phantoms
  An eye of draining (D:14)
  4 ogres
  2 wolves (Lair:6)
  5 centaurs (D:13)
  8 bullfrogs
  A wyvern skeleton (D:12)
  3 killer bees (D:11)
  11 wights
  2 centaur zombies
  2 bullfrog zombies
  5 human zombies (D:14)
  A quasit (D:12)
  3 centaur skeletons
  13 orc priests
  A jelly (D:10)
  Crazy Yiuf (D:6)
  3 hounds
  2 iguanas
  13 orc wizards
  A worker ant (D:7)
  2 killer bee zombies
  A bullfrog simulacrum (D:12)
  3 mummies (D:14)
  A hound skeleton (D:8)
  A howler monkey skeleton (D:7)
  2 adders
  A white imp (D:9)
  An adder zombie (D:6)
  55 orcs
  2 kobolds (D:12)
  A quokka (D:11)
  A quokka zombie (D:6)
  A briar patch (Swamp:3)
728 creatures vanquished.

Vanquished Creatures (others)
  An eldritch tentacle (Elf:3)
  2 hydras (Swamp:4)
  A shock serpent (Snake:2)
  A deep elf knight (Elf:2)
  An orc knight (Orc:2)
  A lindwurm (Swamp:4)
  A cane toad (Swamp:1)
  2 humans (Swamp:1)
  2 steam dragons (Swamp:4)
  2 swamp drakes
  3 orc warriors
  An orc wizard (D:14)
  An adder (D:12)
  An orc (Orc:1)
  77 fungi
  93 plants
  2 starspawn tentacles (Abyss:3)
192 creatures vanquished.

Grand Total: 1573 creatures vanquished

Notes
Turn   | Place    | Note
-------+----------+-------------------------------------------
     0 | D:1      | miscthings the Felid Ice Elementalist began the quest for
                  | the Orb.
     0 | D:1      | Reached XP level 1. HP: 7/7 MP: 4/4
   226 | D:1      | Reached XP level 2. HP: 8/11 MP: 3/6
   661 | D:2      | Found a shimmering blue altar of Sif Muna.
   663 | D:2      | Reached XP level 3. HP: 7/14 MP: 4/7
   670 | D:2      | Learned a level 3 spell: Frozen Ramparts
   674 | D:2      | Became a worshipper of Sif Muna the Loreminder
   870 | D:2      | Found a hazy altar of Hepliaklqana.
   962 | D:2      | Found an ancient bone altar of Kikubaaqudgha.
   967 | D:2      | Found a burning altar of Makhleb.
  1083 | D:2      | Reached skill level 5 in Ice Magic
  1167 | D:3      | Reached XP level 4. HP: 13/18 MP: 6/8
  1495 | D:3      | Reached * piety under Sif Muna
  1554 | D:3      | Reached XP level 5. HP: 21/21 MP: 1/9
  1560 | D:3      | Learned a level 4 spell: Summon Ice Beast
  1569 | D:3      | Found a glowing drain.
  1585 | Sewer    | Entered a sewer
  1689 | Sewer    | Reached skill level 1 in Summonings
  1774 | Sewer    | Reached ** piety under Sif Muna
  2047 | Sewer    | Gained mutation: You are covered in thick fur. (AC +2)
                  | [Felid growth]
  2047 | Sewer    | Reached XP level 6. HP: 23/24 MP: 6/10
  2187 | Sewer    | Reached *** piety under Sif Muna
  2421 | D:3      | Found a snail-covered altar of Cheibriados.
  2895 | D:4      | Reached XP level 7. HP: 27/27 MP: 6/11
  3004 | D:4      | Found a stormy altar of Qazlal.
  3180 | D:4      | Found a radiant altar of Vehumet.
  3587 | D:5      | Entered Level 5 of the Dungeon
  3608 | D:5      | Noticed Dowan
  3611 | D:5      | Noticed Duvessa
  3914 | D:5      | Found a bloodstained altar of Trog.
  3916 | D:5      | Found a glowing silver altar of Zin.
  3916 | D:5      | Found a shadowy altar of Dithmenos.
  3934 | D:5      | Killed Dowan
  3942 | D:5      | Killed Duvessa
  3942 | D:5      | Reached skill level 1 in Fighting
  3942 | D:5      | Reached skill level 5 in Summonings
  3942 | D:5      | Reached skill level 1 in Invocations
  3942 | D:5      | Reached XP level 8. HP: 28/32 MP: 9/12
  4222 | D:6      | Reached **** piety under Sif Muna
  4393 | D:6      | Found Couj's Gadget Shoppe.
  4421 | D:6      | Bought a box of beasts (3/3) for 300 gold pieces
  4798 | D:6      | Found a runed translucent door.
  4799 | D:6      | Noticed Crazy Yiuf
  4808 | D:6      | Killed Crazy Yiuf
  4905 | D:7      | Found a hide-covered altar of Uskayaw.
  4954 | D:7      | Found a staircase to the Ecumenical Temple.
  5027 | D:7      | Noticed an ice statue
  5135 | D:7      | Found a sacrificial altar of Ru.
  5567 | D:7      | Reached skill level 5 in Stealth
  5762 | D:8      | Reached XP level 9. HP: 37/37 MP: 14/14
  5943 | D:8      | Reached skill level 5 in Dodging
  6067 | D:8      | Found a staircase to the Lair.
  6382 | D:8      | Reached ***** piety under Sif Muna
  6631 | D:8      | Identified Sif Muna's Tome of Lethal Hexes (Sif Muna gifted
                  | it to you on level 8 of the Dungeon)
  6631 | D:8      | Received a gift from Sif Muna
  6639 | D:8      | Learned a level 5 spell: Summon Mana Viper
  6898 | D:9      | Noticed Erolcha
  6939 | D:9      | Killed Erolcha
  6943 | D:9      | Learned a level 2 spell: Ensorcelled Hibernation
  7034 | D:9      | Gained mutation: You are clumsy. (Dex -2) [potion of
                  | mutation]
  7034 | D:9      | Gained mutation: You evolve. [potion of mutation]
  7034 | D:9      | Gained mutation: Your spells are a little harder to cast,
                  | but a little more powerful. [potion of mutation]
  7034 | D:9      | Gained mutation: Your skin changes colour to match your
                  | surroundings (Stealth+). [potion of mutation]
  7364 | D:10     | Entered Level 10 of the Dungeon
  7376 | D:10     | Reached XP level 10. HP: 42/42 MP: 17/17
  8167 | Lair:1   | Entered Level 1 of the Lair of Beasts
  8238 | Lair:1   | Reached skill level 1 in Unarmed Combat
  8431 | Lair:1   | Noticed a five-headed hydra
  8438 | Lair:1   | Killed a five-headed hydra
  8593 | Lair:1   | Reached skill level 5 in Invocations
  8657 | Lair:1   | Noticed Fannar
  8680 | Lair:1   | Noticed a nameless horror
  8686 | Lair:1   | Killed a nameless horror
  8705 | Lair:1   | Slain by an ice beast
  8706 | Lair:1   | Reached XP level 9. HP: 0/39 MP: 2/26
  8849 | Lair:1   | Killed Fannar
  8849 | Lair:1   | Reached skill level 5 in Spellcasting
  8890 | Lair:1   | Noticed a polar bear
  8901 | Lair:1   | Reached XP level 10. HP: 41/43 MP: 14/18
  9037 | Lair:1   | Noticed Sonja
  9039 | Lair:1   | Noticed Sonja
  9039 | Lair:1   | Sonja changed into Sonja the steam dragon
  9050 | Lair:1   | Killed Sonja the steam dragon
  9129 | Lair:2   | Noticed a four-headed hydra
  9140 | Lair:2   | Killed a four-headed hydra
  9140 | Lair:2   | Reached skill level 5 in Fighting
  9178 | Lair:2   | Noticed an eight-headed hydra
  9191 | Lair:2   | Killed an eight-headed hydra
  9241 | Lair:2   | Noticed a black mamba
  9272 | Lair:2   | Killed a black mamba
  9290 | Lair:2   | Noticed a black mamba
  9415 | Lair:2   | Killed a black mamba
  9487 | Lair:2   | Noticed a seven-headed hydra
  9528 | Lair:2   | Killed a seven-headed hydra
  9564 | Lair:2   | Noticed a cane toad
  9571 | Lair:2   | Killed a cane toad
  9606 | Lair:2   | Identified Sif Muna's Disquisition on Flight and the
                  | Mountains (Sif Muna gifted it to you on level 2 of the Lair
                  | of Beasts)
  9606 | Lair:2   | Received a gift from Sif Muna
  9632 | Lair:2   | Noticed a cane toad
  9640 | Lair:2   | Killed a cane toad
  9719 | Lair:2   | Noticed a cane toad
  9721 | Lair:2   | Found a staircase to the Snake Pit.
  9726 | Lair:2   | Killed a cane toad
  9897 | Lair:2   | Gained mutation: Your mind is acute. (Int +2) [evolution]
  9976 | Lair:2   | Noticed a cane toad
  9994 | Lair:2   | Killed a cane toad
  9994 | Lair:2   | Reached XP level 11. HP: 48/48 MP: 20/20
 10164 | Lair:3   | Found a runed translucent gate.
 10164 | Lair:3   | Found a runed translucent gate.
 10164 | Lair:3   | Found a runed translucent gate.
 10165 | Lair:3   | Noticed a five-headed hydra
 10167 | Lair:3   | Noticed a minotaur
 10175 | Lair:3   | Noticed Charmandara's ghost (journeyman DsFE)
 10312 | Lair:3   | Noticed an eight-headed hydra
 10321 | Lair:3   | Killed an eight-headed hydra
 10599 | Lair:3   | You fall into a shaft and drop 3 floors!
 10599 | Lair:6   | Entered Level 6 of the Lair of Beasts
 10600 | Lair:6   | Noticed a catoblepas
 10615 | Lair:6   | Noticed a death yak
 10672 | Lair:6   | Reached skill level 1 in Evocations
 10688 | Lair:5   | Found a runed translucent door.
 10955 | Lair:4   | Noticed a death yak
 10956 | Lair:4   | Noticed a death yak
 10977 | Lair:4   | Killed a death yak
 11032 | Lair:3   | Noticed Snorg
 11155 | Lair:3   | Killed Snorg
 11441 | Lair:4   | Killed a death yak
 11593 | Lair:4   | Gained mutation: Your thick and shaggy fur keeps you warm.
                  | (AC +3, rC+) [Felid growth]
 11593 | Lair:4   | Reached XP level 12. HP: 53/53 MP: 7/22
 11610 | Lair:4   | Learned a level 3 spell: Ozocubu's Armour
 11616 | Lair:4   | Learned a level 5 spell: Lee's Rapid Deconstruction
 11723 | Lair:4   | Noticed a five-headed hydra
 11733 | Lair:4   | Killed a five-headed hydra
 11754 | Lair:4   | Noticed a six-headed hydra
 11764 | Lair:4   | Killed a six-headed hydra
 11788 | Lair:4   | Found a staircase to the Swamp.
 12194 | Lair:5   | Reached skill level 10 in Stealth
 12208 | Lair:5   | Noticed a death yak
 12213 | Lair:5   | Noticed a death yak
 12213 | Lair:5   | Noticed a death yak
 12213 | Lair:5   | Noticed a death yak
 12327 | Lair:5   | Reached skill level 5 in Unarmed Combat
 12503 | Lair:5   | Killed a death yak
 12555 | Lair:5   | Killed a death yak
 12582 | Lair:5   | Killed a death yak
 12582 | Lair:5   | Identified Zapetam's Collected Works on the Traveller (Sif
                  | Muna gifted it to you on level 5 of the Lair of Beasts)
 12582 | Lair:5   | Received a gift from Sif Muna
 12621 | Lair:5   | Killed a death yak
 12648 | Lair:5   | Gained mutation: You are partially covered in icy blue
                  | scales. (AC +2) [evolution]
 12981 | Lair:5   | Noticed an eight-headed hydra
 12995 | Lair:5   | Killed an eight-headed hydra
 13034 | Lair:5   | Found a viscous altar of Jiyva.
 13039 | Lair:5   | Found a staircase to the Slime Pits.
 13039 | Lair:5   | Noticed an azure jelly
 13039 | Lair:5   | Noticed an azure jelly
 13185 | Lair:5   | Killed an azure jelly
 13199 | Lair:5   | Killed an azure jelly
 13199 | Lair:5   | Reached skill level 10 in Ice Magic
 13392 | Lair:6   | Reached skill level 10 in Dodging
 13444 | Lair:6   | Killed a death yak
 13513 | Lair:6   | Noticed a seven-headed hydra
 13548 | Lair:6   | Reached XP level 13. HP: 41/57 MP: 2/24
 13850 | Lair:6   | Reached skill level 5 in Evocations
 14347 | Lair:6   | Identified Sif Muna's Papyrus of Creative Lightness (Sif
                  | Muna gifted it to you on level 6 of the Lair of Beasts)
 14347 | Lair:6   | Received a gift from Sif Muna
 15025 | Lair:3   | Hit by a silver javelin thrown by a minotaur
 15026 | Lair:3   | Reached XP level 12. HP: -14/55 MP: 11/33
 15063 | Lair:3   | HP: 1/55 [minotaur/silver javelin (7)]
 15516 | D:8      | Gained mutation: You are partially covered in slimy green
                  | scales. (AC +2) [evolution]
 15516 | D:8      | Lost mutation: You evolve. [end of evolution]
 15881 | D:11     | Found a staircase to the Orcish Mines.
 16123 | D:11     | Found Kuokkeu's Elemental Accessories.
 16131 | D:11     | Bought a wand of iceblast (10) for 196 gold pieces
 16456 | D:12     | Found Imus Wyi's General Store.
 16536 | D:12     | Noticed a two-headed ogre
 16536 | D:12     | Noticed a four-headed hydra
 16555 | D:12     | Killed a four-headed hydra
 16556 | D:12     | Killed a two-headed ogre
 16717 | D:12     | Noticed a rakshasa
 16738 | D:12     | Killed a rakshasa
 16862 | D:12     | Noticed a two-headed ogre
 16867 | D:12     | Killed a two-headed ogre
 16918 | D:12     | Noticed a tengu warrior
 17059 | D:12     | Noticed a boulder beetle
 17059 | D:12     | Killed a tengu warrior
 17059 | D:12     | Identified Sif Muna's Handbook of Quantum Envenoming (Sif
                  | Muna gifted it to you on level 12 of the Dungeon)
 17059 | D:12     | Received a gift from Sif Muna
 17072 | D:12     | Killed a boulder beetle
 17085 | D:12     | Identified the +9 hand crossbow of Sabrolef {speed, rPois
                  | Int+2 Stlth+}
 17085 | D:12     | Identified the ring "Pihesura" {rF+ Str-3 Int+4 Dex+2}
 17504 | D:12     | Reached XP level 13. HP: 58/58 MP: 1/26
 17633 | D:12     | Found Tuan's Antique Armour Emporium.
 17765 | D:12     | Found Perariz's Assorted Antiques.
 17862 | D:12     | Learned a level 7 spell: Malign Gateway
 17920 | D:13     | Reached skill level 1 in Translocations
 17923 | D:13     | Mangled by a skeletal warrior
 17924 | D:13     | Reached XP level 12. HP: -6/55 MP: 3/34
 18011 | D:13     | Noticed a seven-headed hydra
 18019 | D:13     | Killed a seven-headed hydra
 18130 | D:13     | Found a flagged portal.
 18299 | Bailey   | Entered a bailey
 18309 | Bailey   | Received a gift from Sif Muna
 18728 | Bailey   | Reached skill level 5 in Translocations
 18958 | D:13     | Noticed a centaur warrior
 18976 | D:13     | Killed a centaur warrior
 19366 | D:12     | Bought a scroll of identify for 68 gold pieces
 19416 | D:12     | Bought a scroll of identify for 30 gold pieces
 19587 | Lair:3   | Killed a five-headed hydra
 19894 | Orc:1    | Entered Level 1 of the Orcish Mines
 20037 | Orc:1    | Found Koreluxu's Armour Boutique.
 20049 | Orc:1    | Noticed Erica
 20059 | Orc:1    | Killed Erica
 20292 | Orc:2    | Entered Level 2 of the Orcish Mines
 20292 | Orc:2    | Found Wecin's Distillery.
 20300 | Orc:2    | Identified Sif Muna's Grimoire of the Escort (Sif Muna
                  | gifted it to you on level 2 of the Orcish Mines)
 20300 | Orc:2    | Received a gift from Sif Muna
 20531 | Orc:2    | Noticed an orc high priest
 20543 | Orc:2    | Killed an orc high priest
 20874 | Orc:2    | Bought a potion of heal wounds for 80 gold pieces
 20957 | Orc:2    | Noticed Urug
 21052 | Orc:2    | Noticed Urug
 21052 | Orc:2    | Urug changed into Urug the shining eye
 21063 | Orc:2    | Killed Urug the shining eye
 21430 | Orc:2    | Found a staircase to the Elven Halls.
 21453 | Orc:2    | Reached XP level 13. HP: 58/58 MP: 23/27
 21458 | Orc:2    | Identified Ereshkigal's Handbook of Shifting Arcane Weapons
                  | (Sif Muna gifted it to you on level 2 of the Orcish Mines)
 21458 | Orc:2    | Received a gift from Sif Muna
 21471 | Orc:2    | Reached skill level 10 in Spellcasting
 21516 | Orc:2    | Reached ****** piety under Sif Muna
 21839 | Orc:2    | Found Omadej's General Store.
 21844 | Orc:2    | Bought a condenser vane (2/2) for 320 gold pieces
 21844 | Orc:2    | Bought a potion of mutation for 128 gold pieces
 21844 | Orc:2    | Bought a scroll of immolation for 56 gold pieces
 22225 | Orc:2    | Found Waiquud's Antique Armour Shoppe.
 22228 | Orc:2    | Found Isuxi Voz's Distillery.
 22229 | Orc:2    | Found Heegya's Book Shoppe.
 22230 | Orc:2    | Found Xuxteid's Gadget Shoppe.
 22246 | Orc:2    | Bought a wand of digging (7) for 308 gold pieces
 22276 | Orc:2    | Bought a potion of heal wounds for 60 gold pieces
 22805 | Orc:1    | Identified Sif Muna's Almanac of Combat Magic (Sif Muna
                  | gifted it to you on level 1 of the Orcish Mines)
 22805 | Orc:1    | Received a gift from Sif Muna
 23023 | Orc:2    | Bought a potion of experience for 600 gold pieces
 23260 | D:14     | You fall into a shaft and drop 1 floor!
 23260 | D:15     | Entered Level 15 of the Dungeon
 23260 | D:15     | Found a staircase to the Depths.
 23262 | D:15     | Gained mutation: You tend to lose your temper in combat. [a
                  | shining eye]
 23483 | D:14     | Found a basalt altar of Yredelemnul.
 23793 | D:14     | Identified Sif Muna's Disquisition on the Ashen Oath (Sif
                  | Muna gifted it to you on level 14 of the Dungeon)
 23793 | D:14     | Received a gift from Sif Muna
 23896 | D:14     | Identified a scroll of acquirement
 23898 | D:14     | Identified the cursed +0 tower shield of Roovur {-Tele
                  | rElec Int+6 Dex-5}
 24052 | D:14     | Acquired the amulet "Fewuf" {Reflect *Contam rF- rN+++
                  | Dex+3 SH+5}
 24078 | D:14     | Found a gate to the Vaults.
 25116 | D:15     | Noticed Roxanne
 25126 | D:15     | Learned a level 6 spell: Shadow Creatures
 25154 | D:15     | Reached XP level 14. HP: 63/63 MP: 22/31
 25158 | D:15     | Reached skill level 10 in Summonings
 25158 | D:15     | Reached XP level 15. HP: 66/66 MP: 23/32
 25582 | D:15     | Reached skill level 1 in Earth Magic
 25814 | D:15     | Found a shadowy altar of Dithmenos.
 25815 | D:15     | Acquired the ring of Beogh's Indignation {rCorr Stlth+}
 26083 | D:15     | Killed Roxanne
 26378 | Snake:1  | Entered Level 1 of the Snake Pit
 26507 | Snake:1  | Found a frozen archway.
 26511 | IceCv    | Entered an ice cave
 27454 | Snake:1  | Found a hide-covered altar of Uskayaw.
 28180 | Snake:2  | Learned a level 6 spell: Statue Form
 28266 | Snake:2  | Reached skill level 1 in Transmutations
 28274 | Snake:2  | Reached skill level 2 in Transmutations
 28288 | Snake:2  | Found a flickering gateway to a bazaar.
 28296 | Bazaar   | Entered a bazaar
 28300 | Bazaar   | Found Yggo's Armour Boutique.
 28318 | Bazaar   | Found Xeca's Antique Armour Emporium.
 28335 | Bazaar   | Found Pall's Antique Weapon Boutique.
 28352 | Bazaar   | Found Adeih's Antique Weapon Shoppe.
 28472 | Snake:2  | Reached skill level 3 in Transmutations
 28510 | Snake:2  | Reached skill level 5 in Earth Magic
 29052 | Snake:3  | Received a gift from Sif Muna
 29052 | Snake:3  | Reached skill level 4 in Transmutations
 29068 | Snake:3  | Slain by a salamander
 29069 | Snake:3  | Reached XP level 14. HP: -3/63 MP: 25/40
 29614 | Snake:3  | Reached skill level 5 in Transmutations
 29964 | Snake:4  | Entered Level 4 of the Snake Pit
 29964 | Snake:4  | Noticed a nagaraja
 29984 | Snake:4  | Killed a nagaraja
 30103 | Snake:4  | Found a burning altar of Makhleb.
 30447 | Snake:3  | HP: 3/63 [poisoned by a naga sharpshooter (splash of
                  | poison)]
 30452 | Snake:3  | HP: 3/63 [poisoned by a naga sharpshooter (splash of
                  | poison)]
 30457 | Snake:3  | HP: 3/63 [poisoned by a naga sharpshooter (splash of
                  | poison)]
 30603 | Snake:4  | Reached skill level 6 in Transmutations
 30902 | Snake:4  | Noticed a nagaraja
 30905 | Snake:4  | Reached XP level 15. HP: 64/66 MP: 11/32
 30921 | Snake:4  | Killed a nagaraja
 31330 | Snake:4  | Noticed a nagaraja
 31343 | Snake:4  | Noticed a nagaraja
 31345 | Snake:4  | Killed a nagaraja
 31345 | Snake:4  | Reached skill level 7 in Transmutations
 31520 | Snake:4  | Killed a nagaraja
 31610 | Snake:4  | Noticed a nagaraja
 31632 | Snake:4  | Killed a nagaraja
 31832 | Snake:4  | Received a gift from Sif Muna
 31848 | Snake:4  | Noticed a nagaraja
 32111 | Snake:4  | Reached skill level 8 in Transmutations
 32177 | Snake:4  | Noticed a nagaraja
 32184 | Snake:4  | Killed a nagaraja
 32610 | Snake:4  | Noticed a nagaraja
 32622 | Snake:4  | Killed a nagaraja
 32624 | Snake:4  | Noticed a nagaraja
 32628 | Snake:4  | Noticed a nagaraja
 32923 | Snake:4  | Noticed a nagaraja
 32939 | Snake:4  | Killed a nagaraja
 32945 | Snake:4  | Reached skill level 9 in Transmutations
 33024 | Snake:4  | Killed a nagaraja
 33110 | Snake:4  | Killed a nagaraja
 33115 | Snake:4  | Killed a nagaraja
 33559 | Snake:4  | Noticed a nagaraja
 33576 | Snake:4  | Killed a nagaraja
 33797 | Snake:4  | Got a serpentine rune of Zot
 34061 | Swamp:1  | Entered Level 1 of the Swamp
 34078 | Swamp:1  | Reached skill level 10 in Transmutations
 34117 | Swamp:1  | Noticed Kirke
 34127 | Swamp:1  | Killed Kirke
 34445 | Swamp:1  | Noticed a thorn hunter
 34452 | Swamp:1  | Killed a thorn hunter
 35060 | Swamp:1  | Received a gift from Sif Muna
 35062 | Swamp:1  | Reached skill level 11 in Transmutations
 35603 | Orc:2    | Bought a potion of mutation for 96 gold pieces
 35603 | Orc:2    | Bought a potion of curing for 36 gold pieces
 35603 | Orc:2    | Bought a potion of curing for 36 gold pieces
 35603 | Orc:2    | Bought a potion of mutation for 96 gold pieces
 35603 | Orc:2    | Bought a potion of brilliance for 48 gold pieces
 35603 | Orc:2    | Bought a potion of stabbing for 48 gold pieces
 35605 | Orc:2    | Bought a wand of digging (3) for 196 gold pieces
 35647 | Orc:2    | Bought a potion of curing for 48 gold pieces
 35647 | Orc:2    | Bought a potion of haste for 160 gold pieces
 36247 | Swamp:2  | Reached XP level 16. HP: 70/70 MP: 31/33
 36839 | Swamp:3  | Noticed a thorn hunter
 36860 | Swamp:3  | Killed a thorn hunter
 36862 | Swamp:3  | Reached skill level 12 in Transmutations
 37033 | Swamp:3  | Noticed a thorn hunter
 37039 | Swamp:3  | Killed a thorn hunter
 37459 | Swamp:4  | Entered Level 4 of the Swamp
 37506 | Swamp:4  | Engulfed by a ghost crab's spectral mist
 37507 | Swamp:4  | Reached XP level 15. HP: -1/85 MP: 8/32
 37606 | Swamp:4  | Received a gift from Sif Muna
 37623 | Swamp:4  | Reached skill level 13 in Transmutations
 38058 | Swamp:4  | Got a decaying rune of Zot
 38981 | Vaults:1 | Entered Level 1 of the Vaults
 39093 | Elf:1    | Entered Level 1 of the Elven Halls
 39383 | Elf:1    | Reached skill level 14 in Transmutations
 39772 | Elf:1    | Found Bigor's Armour Shoppe.
 40297 | Elf:2    | Found a runed translucent gate.
 40297 | Elf:2    | Found a runed translucent gate.
 40298 | Elf:2    | Found a runed translucent gate.
 40539 | Elf:2    | Noticed a deep elf sorcerer
 40547 | Elf:2    | Noticed a deep elf sorcerer
 40550 | Elf:2    | Killed a deep elf sorcerer
 40566 | Elf:2    | Killed a deep elf sorcerer
 40566 | Elf:2    | Reached XP level 16. HP: 62/70 MP: 11/33
 40690 | Elf:2    | Identified Sif Muna's Volume of Frigorific Flight (Sif Muna
                  | gifted it to you on level 2 of the Elven Halls)
 40690 | Elf:2    | Received a gift from Sif Muna
 40920 | Elf:3    | Entered Level 3 of the Elven Halls
 41171 | Elf:3    | Found a portal to a secret trove of treasure.
 42144 | Elf:3    | Cast into level 3 of the Abyss (a deep elf sorcerer)
 42451 | Abyss:3  | Acquired a +4 ring of slaying
 42475 | Abyss:3  | Noticed a tentacled starspawn
 42527 | Elf:3    | Escaped the Abyss
 42552 | Elf:3    | Noticed a deep elf master archer
 42806 | Elf:3    | Acquired the amulet of Mira {Reflect rPois Str+4 Dex+5
                  | SH+5}
 42847 | Elf:3    | Killed a deep elf master archer
 42880 | Elf:3    | HP: 4/92 [deep elf high priest/divine providence (14)]
 43124 | Elf:3    | Identified the +10 mace "Arbiter" {drain, rPois}
 43591 | Elf:3    | Noticed a Brimstone Fiend
 43679 | Elf:3    | Noticed a deep elf blademaster
 43694 | Elf:3    | Killed a deep elf blademaster
 43769 | Elf:3    | Noticed an Executioner
 43774 | Elf:3    | Noticed an Ice Fiend
 43779 | Elf:3    | Killed from afar by a deep elf death mage

Illustrated notes

Levels and vault maps discovered:
D:1:      roderic_dead_forest, layout_loops_cross, minmay_misc_feat_x
D:2:      layout_rooms, lemuel_crystal_altar,
          gammafunk_temple_overflow_forgotten
D:3:      layout_loops_corners, cheibriados_altar_1, portal_sewer_entry_b
D:4:      layout_loops_corners, kennysheep_mini_moat, grunt_qazlal_sundering
D:5:      layout_cave_pools, grunt_temple_overflow_open, bloody_trog,
          uniq_duvessa
D:6:      layout_basic, serial_shops, shop, minmay_misc_feat_pillars,
          uniq_crazy_yiuf_cottage
D:7:      lemuel_ice_statue, layout_basic, lemuel_crystal_altar,
          minmay_temple_entry_arrows, nicolae_ru_path_of_blood
D:8:      layout_basic, lair_entry_dummy
D:9:      layout_irregular_city, uniq_erolcha
D:10:     layout_small_grid
D:11:     layout_long_grid, david_orc_1_choice, nicolae_elemental_shop
D:12:     minmay_the_grid_triangle_9x9_recursive_3
          [minmay_the_grid_triangle_9x9_swiss_cheese,
          minmay_the_grid_triangle_9x9_dagger,
          minmay_the_grid_triangle_9x9_negative_grid,
          minmay_the_grid_triangle_9x9_prize_center,
          minmay_the_grid_triangle_9x9_wacky_v,
          minmay_the_grid_triangle_9x9_limited_checkers,
          minmay_the_grid_triangle_9x9_corrupted_corridor,
          minmay_the_grid_triangle_9x9_intruding_spiral,
          minmay_the_grid_triangle_9x9_stretched_checkered], layout_basic,
          serial_shops, kennysheep_mini, shop_fountains,
          nicolae_shop_behind_doors
D:13:     layout_cave_pools, enter_bailey_2, minmay_misc_feat_chi,
          fungi_pond_lemuel
D:14:     layout_basic, grunt_vaults_entry_tiered,
          lemuel_mausoleum_altar_yredelemnul
D:15:     gammafunk_enter_depths_forms, layout_basic,
          nicolae_dithmenos_through_a_glass_darkly, minmay_fountain_box,
          uniq_roxanne
Lair:1:   layout_cave_pods, uniq_sonja, uniq_fannar
Lair:2:   wander_river, layout_hall_layers, minmay_snake_entry_guardpost_small,
          serial_bayou_pond_c
Lair:3:   layout_cave_pods, maelrawn_ghost_gauntlet_escape, uniq_snorg
Lair:4:   layout_gridlike, palyth_hydra_swamp_entry, grunt_megastairs_3,
          lemuel_fruit_fields
Lair:5:   layout_gridlike, slime_altar_2
Lair:6:   grunt_lair_end_beastmaster, layout_misc_corridors,
          nicolae_lair_yak_garden, serial_bayou_shore_a, lemuel_fruit_tree
Swamp:1:  layout_basic_swamp, nicolae_swamp_very_dense_foliage, swamp_pool4,
          uniq_kirke
Swamp:2:  layout_falls_marsh, serial_swamp_ruin, evilmike_swamp_ruin_house_1,
          hangedman_swamp_ruin_wall, evilmike_swamp_ruin_wall,
          infiniplex_staircase_pool
Swamp:3:  layout_basic_swamp, evilmike_swamp_ruin_house_3,
          hangedman_swamp_wriggling
Swamp:4:  swamp_fiery, layout_basic_swamp
Snake:1:  layout_onion_interference, portal_ice_cave_entry_pillars_four,
          basic_altar, serial_bayou_shore_b
Snake:2:  layout_layer_cave, serial_shops, bzr_in_the_mist
Snake:3:  onia_ninara_swampy_vault, layout_concentric_octagons
Snake:4:  grunt_snake_rune_spirals, layout_onion, basic_altar
Orc:1:    layout_caves, serial_shops, nicolae_shop_trees, uniq_erica
Orc:2:    st_orc_pillars, layout_caves, serial_shops, shop,
          guppyfry_orc_lava_fort, uniq_urug
Elf:1:    eino_elf_arrival_sip, layout_geoelf_diagonals, serial_shops,
          nicolae_shop_behind_doors, serial_sigils,
          serial_sigils_hangedman_snap, serial_sigils_hangedman_etch,
          serial_sigils_hangedman_shear, serial_sigils_hangedman_writhe,
          serial_sigils_hangedman_clutch, serial_sigils_hangedman_gnaw,
          feat_on_display
Elf:2:    layout_geoelf_diagonals
Elf:3:    nooodl_elf_gasket, layout_onion_city, enter_trove_6,
          lemuel_flamethrower_2
Vaults:1: nicolae_vaults_alarming, v_misc_5, nicolae_vaults_border_crossing,
          hangedman_vaults_locks, v_alt_pattern_3, v_misc_14,
          nicolae_vaults_holding_cells, vaults_dpeg_encased_lava, v_misc_24,
          vaults_standard_mumra_lines, layout_vaults_omnibox, serial_shops,
          shop, uniq_donald

Skill      XL: |  1  2  3  4  5  6  7  8  9 10 11 12 13 14 15 16 |
---------------+-------------------------------------------------+-----
Ice Magic      | 4 5 6 7 8 9 10 | 10.5
Summonings     | 2 3 5 7 8 9 10 11 13 | 13.3
Stealth        | 3 5 6 8 9 10 11 12 | 12.5
Dodging        | 3 4 5 8 9 10 11 | 11.8
Fighting       | 1 2 3 5 6 8 |  8.9
Invocations    | 1 2 3 5 6 8 9 |  9.0
Spellcasting   | 3 5 6 9 12 13 | 13.0
Hexes          | 6 7 |  7.0
Unarmed Combat | 3 4 5 |  5.9
Evocations     | 2 4 5 6 7 |  7.1
Translocations | 6 8 |  8.0
Earth Magic    | 6 9 |  9.0
Transmutations | 6 14 12 | 14.0

Action                   |  1- 3 |  4- 6 |  7- 9 | 10-12 | 13-15 | 16-18 || total
-------------------------+-------+-------+-------+-------+-------+-------++-------
Melee: Unarmed           |    17 |    39 |    50 |    50 |   163 |   125 ||   444
       Bite              |     1 |     2 |     2 |     5 |    14 |     8 ||    32
       Punch             |       |       |       |       |     2 |     4 ||     6
 Cast: Freeze            |    22 |    21 |    15 |     2 |     2 |       ||    62
       Frozen Ramparts   |     7 |    27 |    48 |   113 |   132 |    22 ||   349
       Summon Ice Beast  |       |     1 |    42 |   150 |   194 |    43 ||   430
       Summon Mana Viper |       |       |     4 |    73 |   352 |   110 ||   539
       Ensorcelled Hiber |       |       |       |     4 |     2 |       ||     6
       Ozocubu's Armour  |       |       |       |     1 |       |       ||     1
       Statue Form       |       |       |       |       |    13 |    18 ||    31
       Lee's Rapid Decon |       |       |       |       |     9 |       ||     9
       Malign Gateway    |       |       |       |       |     1 |     1 ||     2
       Shadow Creatures  |       |       |       |       |       |     1 ||     1
Invok: Channel Magic     |       |       |       |       |     2 |     2 ||     4
       Divine Exegesis   |       |       |       |       |       |     1 ||     1
 Abil: End Transformatio |       |       |       |       |       |     4 ||     4
Evoke: Wand              |       |       |     1 |    25 |    61 |    10 ||    97
       Box of beasts     |       |       |       |     6 |    12 |     6 ||    24
       Lightning rod     |       |       |       |     8 |    17 |     1 ||    26
       Condenser vane    |       |       |       |       |     5 |     2 ||     7
       Tin of tremorston |       |       |       |       |     2 |     1 ||     3
       Phantom mirror    |       |       |       |       |     1 |       ||     1
  Use: Scroll            |       |     8 |     6 |    22 |    15 |     6 ||    57
       Potion            |       |       |     2 |     8 |    15 |     6 ||    31
 Stab: Sleeping          |    10 |     3 |     9 |     6 |    16 |     7 ||    51
       Distracted        |       |       |     1 |       |     4 |     3 ||     8
       Confused          |       |       |       |       |     1 |       ||     1
Armor: Skin              |       |     8 |     5 |    16 |   122 |    93 ||   244
Dodge: Dodged            |    19 |   115 |   108 |   204 |   604 |   324 ||  1374
Block: Other             |       |       |       |       |       |    16 ||    16
       Reflection        |       |       |       |       |       |     1 ||     1

Table legend: (Time is in decaauts)
 A = Elapsed time spent in this place.
 B = Non-inter-level travel time spent in this place.
 C = Inter-level travel time spent in this place.
 D = Time resting spent in this place.
 E = Time spent auto-exploring this place.
 F = Levels seen in this place.
 G = Mean time per level.
                   A        B        C        D        E       F      G
               +--------+--------+--------+--------+--------+-----+--------+
         Total |  39381 |  36432 |   2949 |   8875 |  15765 |  40 |  984.5 |
       Dungeon |  12624 |  11412 |   1212 |   1672 |   6187 |  15 |  841.6 |
          Lair |   7046 |   6145 |    901 |   1285 |   2942 |   6 | 1174.3 |
         Swamp |   4212 |   4048 |    164 |    650 |   2066 |   4 | 1053.0 |
     Snake Pit |   5928 |   5624 |    304 |   1538 |   2096 |   4 | 1482.0 |
  Orcish Mines |   2886 |   2604 |    282 |   1082 |    666 |   2 | 1443.0 |
   Elven Halls |   4325 |   4243 |     82 |   1507 |   1479 |   3 | 1441.7 |
        Vaults |      1 |      0 |      1 |      0 |      0 |   1 |    1.0 |
         Abyss |    344 |    344 |      0 |     97 |      0 |   1 |  344.0 |
        Bazaar |     72 |     72 |      0 |      0 |     56 |   1 |   72.0 |
         Sewer |    696 |    696 |      0 |    248 |    187 |   1 |  696.0 |
        Bailey |    526 |    526 |      0 |    265 |     70 |   1 |  526.0 |
      Ice Cave |    715 |    715 |      0 |    527 |     13 |   1 |  715.0 |
               +--------+--------+--------+--------+--------+-----+--------+

Top non-repeatable levels by time:
 Snake:4: 2909 daAuts
   Elf:3: 2156 daAuts
   Orc:2: 1731 daAuts
    D:14: 1646 daAuts
 Snake:3: 1566 daAuts
  Lair:3: 1496 daAuts
    D:12: 1479 daAuts
  Lair:6: 1355 daAuts
 Swamp:1: 1321 daAuts
 Swamp:4: 1257 daAuts
   Orc:1: 1154 daAuts
    D:15: 1101 daAuts
   Elf:1: 1098 daAuts
  Lair:4: 1092 daAuts
  Lair:5: 1081 daAuts
